 Dungeon Crawl Stone Soup version 0.28-a0-667-g162e43154e (webtiles) character file.

Game seed: 9895325689769176337

3481 Lekart the Slasher (level 9, 0/78 HPs)
             Began as a Black Draconian Fighter on Oct 17, 2021.
             Slain by a yak (11 damage)
             ... on level 7 of the Dungeon.
             The game lasted 00:15:33 (9906 turns).

Lekart the Slasher (Black Draconian Fighter)        Turns: 9906, Time: 00:15:34

Health: 0/78       AC:  8    Str: 21    XL:     9   Next: 79%
Magic:  9/9        EV: 13    Int: 11    God:
Gold:   65         SH:  5    Dex: 11    Spells: 8/8 levels left

rFire   . . .      SeeInvis .   y - +9 shortbow of the Original Sin {venom, Int+2}
rCold   . . .      Faith    .   (shield currently unavailable)
rNeg    + + .      Spirit   .   (armour unavailable)
rPois   .          Reflect  +   (helmet restricted)
rElec   +          Harm     .   (no cloak)
rCorr   .          Rampage  .   (no gloves)
Will    .....                   r - +0 pair of boots
Stlth   ++........              d - amulet of the Will of the Gods {Reflect rN++ SH+5}
HPRegen 0.23/turn               (no ring)
MPRegen 0.11/turn               (no ring)

@: short of breath, studying Conjurations
A: breathe lightning, AC +7, unfitting armour, electricity resistance,
cold-blooded
a: Breathe Lightning


You were on level 7 of the Dungeon.
You visited 1 branch of the dungeon, and saw 7 of its levels.
You also visited: Sewer.

You collected 253 gold pieces.
You spent 188 gold pieces at shops.

Inventory:

Hand Weapons
 a - a +0 long sword
 y - the +9 shortbow of the Original Sin (weapon) {venom, Int+2}
   (You bought it in a shop on level 2 of the Dungeon)

   Any ammunition fired from it poisons the flesh of those it strikes.
   Int:       It affects your intelligence (+2).
Missiles
 h - 27 poisoned darts
 z - 98 arrows (quivered ammo)
Armour
 b - a +0 buckler
 r - a +0 pair of boots (worn)
Jewellery
 d - the amulet of the Will of the Gods (around neck) {Reflect rN++ SH+5}
   (You acquired it on level 4 of the Dungeon)

   [amulet of reflection]

   It reflects blocked missile attacks.
   rN:        It greatly protects you from negative energy.
   SH:        It affects your SH (+5).
Wands
 u - a wand of charming (9)
 w - a wand of polymorph (7)
Scrolls
 e - a scroll of amnesia
 g - 3 scrolls of teleportation
 t - a scroll of immolation
 v - a scroll of fog
 x - a scroll of identify
Potions
 c - 2 potions of curing
 f - 3 potions of attraction
 i - 2 potions of mutation {unknown}
 j - a potion of berserk rage {unknown}
 k - 2 potions of flight {unknown}
 l - 3 potions of haste {unknown}
 m - a potion of resistance {unknown}
 n - a potion of degeneration {unknown}
 o - 2 potions of invisibility {unknown}
 p - 3 potions of heal wounds
 q - a potion of experience {unknown}
 s - a potion of magic {unknown}


   Skills:
 + Level 6.7 Fighting
 + Level 7.7 Long Blades
 + Level 2.8 Bows
 + Level 5.4 Throwing
 + Level 5.7 Dodging
 + Level 2.2 Stealth
 + Level 5.9 Shields
 + Level 0.1 Evocations


You had 8 spell levels left.
You didn't know any spells.
Your spell library contained the following spells:

 Spells                   Type           Power      Damage    Failure   Level
 Conjure Flame            Conj/Fire      0%         6-21      71%         3
 Ignite Poison            Fire/Tmut/Pois 0%         N/A       71%         3
 Sticky Flame             Conj/Fire      0%         2d3       98%         4
 Dispersal                Tloc           0%         N/A       100%        6
 Disjunction              Tloc           0%         N/A       100%        8


Dungeon Overview and Level Annotations

Branches:
Dungeon (7/15)             Temple (0/1) D:7           Sewer (visited)

Altars:
Elyvilon

Shops:
D:2 *(((

Annotations:
D:2 exclusion: 2 downstairs


Innate Abilities, Weirdness & Mutations

You can breathe wild blasts of lightning.
Your glossy black scales are hard. (AC +7)
You cannot fit into any form of body armour.
You are resistant to electric shocks. (rElec)
You are cold-blooded and may be slowed by cold attacks.


Message History

You are too injured to fight recklessly!
Fire: 104 arrows
Press: ? - help, Q - select action, (/) - cycle Shift-Dir - straight line, f - yak
Aim: a yak (heavily wounded, very poisoned, 77% to hit)
You shoot an arrow. The arrow hits the yak.
The yak is severely wounded.
The yak gores you.
Fire: 103 arrows
Press: ? - help, Q - select action, (/) - cycle Shift-Dir - straight line, f/p - yak
Aim: a yak (severely wounded, very poisoned, 77% to hit)
You shoot an arrow. The arrow barely misses the yak.
The arrow hits the yak!
You kill the yak!
The yak closely misses you.
Your Bows skill increases to level 2!
Fire: 102 arrows
Press: ? - help, Q - select action, (/) - cycle Shift-Dir - straight line, f/p - yak
Aim: a yak (severely wounded, very poisoned, 78% to hit)
You shoot an arrow. The arrow hits the yak!
You kill the yak!
Fire: 101 arrows
Press: ? - help, Q - select action, (/) - cycle Shift-Dir - straight line, f - yak
Aim: a yak (lightly wounded, 78% to hit)
You shoot an arrow. The arrow hits the yak!
The yak is heavily wounded.
The yak gores you!
* * * LOW HITPOINT WARNING * * *
Fire: 100 arrows
Press: ? - help, Q - select action, (/) - cycle Shift-Dir - straight line, f/p - yak
Aim: a yak (heavily wounded, 78% to hit)
You shoot an arrow. The arrow hits the yak!
The yak is poisoned.
The yak is severely wounded.
The yak gores you!
* * * LOW HITPOINT WARNING * * *
Fire: 99 arrows
Press: ? - help, Q - select action, (/) - cycle Shift-Dir - straight line, f/p - yak
Aim: a yak (severely wounded, very poisoned, 78% to hit)
You shoot an arrow. The arrow hits the yak.
The yak looks as sick as possible!
The yak is almost dead.
The yak gores you!
You die...

#############
####[........... ######
............#### ....(
................ #.).
................ #.⌠.
###........###.
####...####### #.......<#
## .......(.(Y@.#
######.### ##
..⌠((>(.).##.### #..## #.
..........##...#### #...#
##
.###...#####......####..###
#.⌠. #.......###...<## #...
#................ ##.#
#.....^#...#[.... ..
##...#####.#..... ###
#.##.....(.....#


You could see a yak (extremely poisoned).

Vanquished Creatures
  A gargoyle (D:5)
  Grinder (D:6)
  Sigmund (D:3)
  4 yaks (D:7)
  An ice beast (D:5)
  A necrophage (D:6)
  3 ogres
  4 centaurs
  2 kobold brigands (Sewer)
  2 bullfrogs (D:7)
  2 phantoms
  3 scorpions
  A wyvern skeleton (D:7)
  3 wights (D:7)
  A centaur zombie (D:7)
  A hound (D:6)
  2 centaur skeletons (D:7)
  A bullfrog skeleton (D:6)
  Jessica (D:3)
  10 orc wizards
  3 iguanas
  A killer bee zombie (D:6)
  7 gnolls
  2 adders
  A shadow imp (D:7)
  A white imp (D:5)
  An ufetubus (D:6)
  2 dart slugs (D:1)
  18 orcs
  9 bats
  10 endoplasms
  5 giant cockroaches
  5 goblins
  7 hobgoblins
  A quokka (D:3)
  4 ball pythons
  6 frilled lizards
  18 kobolds
  9 rats
155 creatures vanquished.

Vanquished Creatures (collateral kills)
  A shadow imp (D:6)
1 creature vanquished.

Vanquished Creatures (others)
  2 plants (Sewer)
2 creatures vanquished.

Grand Total: 158 creatures vanquished

Notes
Turn   | Place    | Note
-------+----------+-------------------------------------------
     0 | D:1      | Lekart the Draconian Fighter began the quest for the Orb.
     0 | D:1      | Reached XP level 1. HP: 19/19 MP: 1/1
     6 | D:1      | Noticed a lindwurm
     6 | D:1      | Noticed a polar bear
     7 | D:1      | Noticed a hound
     7 | D:1      | Noticed a scorpion
   322 | D:1      | Reached XP level 2. HP: 22/27 MP: 2/2
   956 | D:2      | Found Hyesaug's General Store.
   963 | D:2      | Reached XP level 3. HP: 31/33 MP: 3/3
  1009 | D:2      | Bought a potion of heal wounds for 60 gold pieces
  1054 | D:2      | Found Sevuaf's Weapon Emporium.
  1350 | D:2      | Found Horat Win's Antique Weapon Boutique.
  1483 | D:2      | Found Joudage's Antique Weapon Boutique.
  1504 | D:2      | Reached XP level 4. HP: 29/40 MP: 4/4
  1511 | D:2      | Reached skill level 3 in Long Blades
  2178 | D:3      | Noticed Sigmund
  2630 | D:2      | Reached XP level 5. HP: 13/46 MP: 5/5
  2870 | D:3      | Reached skill level 1 in Throwing
  2884 | D:3      | Reached skill level 4 in Long Blades
  2956 | D:3      | Killed Sigmund
  2957 | D:3      | Reached XP level 6. HP: 8/53 MP: 6/6
  3255 | D:3      | Reached skill level 1 in Stealth
  3843 | D:3      | Noticed Jessica
  3891 | D:3      | Reached skill level 5 in Long Blades
  4070 | D:3      | Killed Jessica
  4354 | D:3      | Your scales start taking on a glossy black colour.
  4354 | D:3      | Reached XP level 7. HP: 60/60 MP: 7/7
  4354 | D:3      | Gained mutation: You are resistant to electric shocks.
                  | (rElec) [Black Draconian growth]
  4502 | D:4      | Identified a scroll of acquirement
  4502 | D:4      | Acquired the amulet of the Will of the Gods {Reflect rN++
                  | SH+5}
  4971 | D:4      | Found a glowing drain.
  5026 | Sewer    | Entered a sewer
  5254 | Sewer    | Reached skill level 5 in Fighting
  5937 | D:5      | Entered Level 5 of the Dungeon
  6013 | D:5      | Noticed a gargoyle
  6033 | D:5      | Killed a gargoyle
  6034 | D:5      | Reached skill level 6 in Long Blades
  6034 | D:5      | Reached XP level 8. HP: 35/69 MP: 8/8
  7062 | D:5      | Reached skill level 5 in Shields
  7138 | D:6      | Noticed Grinder
  7142 | D:6      | Reached skill level 5 in Dodging
  7151 | D:6      | Killed Grinder
  7158 | D:6      | Reached XP level 9. HP: 40/75 MP: 9/9
  7477 | D:6      | Reached skill level 7 in Long Blades
  8024 | D:6      | Found a white marble altar of Elyvilon.
  8627 | D:6      | Reached skill level 5 in Throwing
  9464 | D:2      | Bought a jewelled shortbow for 128 gold pieces
  9464 | D:2      | Identified the +9 shortbow of the Original Sin {venom,
                  | Int+2} (You bought it in a shop on level 2 of the Dungeon)
  9877 | D:7      | Found a staircase to the Ecumenical Temple.
  9898 | D:7      | Reached skill level 1 in Bows
  9906 | D:7      | Slain by a yak

Illustrated notes

Levels and vault maps discovered:
D:1:      onia_arrival_zoo_common, layout_basic, minmay_ruptured
D:2:      layout_loops_ring, serial_shops, nicolae_shop_stone,
          nicolae_shop_window_shopping, shop, shop
D:3:      layout_basic, minivault_23, grunt_ministairs_6,
          minmay_close_crescents, uniq_sigmund, uniq_jessica
D:4:      layout_rooms, portal_sewer_entry_e
D:5:      layout_basic, hangedman_decor_diamond_cutter
D:6:      layout_layer_cave, elyvilon_altar_5, minmay_manual_mares, uniq_grinder
D:7:      layout_rooms, minmay_temple_entry_junction

Skill      XL: |  1  2  3  4  5  6  7  8  9 |
---------------+----------------------------+-----
Fighting       | 4 5 6 |  6.7
Long Blades    | 3 4 5 6 7 |  7.7
Dodging        | 3 4 5 |  5.7
Throwing       | 1 2 4 5 |  5.4
Stealth        | 1 2 |  2.2
Shields        | 4 5 |  5.9
Bows           | 2 |  2.8
Evocations     | |  0.1

Action                   |  1- 3 |  4- 6 |  7- 9 || total
-------------------------+-------+-------+-------++-------
Melee: Long sword        |    81 |   118 |   253 ||   452
       Tailslap          |     8 |    13 |    28 ||    49
       Unarmed           |       |       |     3 ||     3
 Fire: Shortbow          |       |       |    29 ||    29
Throw: Dart              |    15 |    31 |   126 ||   172
       Boomerang         |       |     7 |       ||     7
       Throwing net      |       |     1 |       ||     1
 Abil: Breathe Lightning |       |       |     2 ||     2
Evoke: Wand              |       |       |     1 ||     1
  Use: Potion            |       |     2 |     2 ||     4
       Scroll            |       |       |     9 ||     9
 Stab: Sleeping          |     1 |       |     1 ||     2
Armor: Skin              |    25 |    35 |   100 ||   160
Dodge: Dodged            |    50 |    60 |   166 ||   276
Block: Buckler           |    19 |    29 |   167 ||   215
       Reflection        |       |       |     5 ||     5
       Other             |       |       |     3 ||     3

Table legend: (Time is in decaauts)
 A = Elapsed time spent in this place.
 B = Non-inter-level travel time spent in this place.
 C = Inter-level travel time spent in this place.
 D = Time resting spent in this place.
 E = Time spent auto-exploring this place.
 F = Levels seen in this place.
 G = Mean time per level.
                   A        B        C        D        E       F      G
               +--------+--------+--------+--------+--------+-----+--------+
         Total |  10007 |   9238 |    769 |   2467 |   5271 |   8 | 1250.9 |
       Dungeon |   9156 |   8387 |    769 |   2138 |   4985 |   7 | 1308.0 |
         Sewer |    851 |    851 |      0 |    329 |    285 |   1 |  851.0 |
               +--------+--------+--------+--------+--------+-----+--------+

Top non-repeatable levels by time:
     D:2: 1980 daAuts
     D:3: 1810 daAuts
     D:6: 1601 daAuts
     D:5: 1133 daAuts
     D:1: 969 daAuts
     D:7: 881 daAuts
   Sewer: 851 daAuts
     D:4: 781 daAuts
